Map: Newkirk Precinct TE (Void)

Players

eiki

  • Race: Zerg Zerg
  • League: Diamond
  • Spawn Location: 5:00

Musumeci - Winner!

  • Race: Zerg Zerg
  • League: Diamond
  • Spawn Location: 7:00

VOD

Have the link to the VOD?

Description

Time

  • Played on: Jan. 2, 2017, 8:47 a.m.
  • Length: 19:45
Show
View Real Time Build Order
Export as new Build Order

eiki Zerg 

Build Orders: Pool First, Zergling Baneling 

Get SALT Encoding   

  12  0:01  Drone  
  13  0:11  Drone  
  14  0:18  Overlord  
  14  0:36  Drone x3  
  17  0:48  Spawning Pool  
  16  0:51  Extractor  
  16  0:52  Drone  
  16  1:14  Hatchery  
  15  1:21  Drone x2  
  17  1:38  Queen  
  17  1:39  Zergling x2  
  20  1:52  Overlord  
  20  2:05  Metabolic Boost  
  20  2:06  Drone  
  20  2:07  Drone  
  22  2:14  Queen  
  24  2:27  Drone  
  24  2:28  Overlord  
  25  2:31  Overlord  
  25  2:40  Drone  
  25  3:00  Zergling x2  
  25  3:01  Zergling x12  
  32  3:24  Drone, Baneling Nest  
  32  3:26  Zergling x6  
  35  3:32  Zergling x2  
  35  3:33  Zergling x10  
  34  4:20  Baneling x9  
  34  4:21  Baneling x4, Zergling x2  
  34  4:22  Zergling x18  
  43  4:42  Zergling x2  
  43  4:43  Zergling x6  
  47  5:05  Zergling x2  
  47  5:06  Zergling x8  
  51  5:14  Zergling x8  
  43  5:29  Zergling x6  
  43  5:30  Zergling x2  
  47  5:41  Zergling x2  
  47  5:42  Zergling x4  
  46  5:50  Zergling x2  
  43  6:09  Baneling x7  
  43  6:10  Baneling x5  
  41  6:12  Zergling x8  
  40  6:35  Zergling x2  
  40  6:36  Zergling x10  
  34  6:57  Baneling  
  34  6:58  Baneling x4  
  34  7:01  Drone x2  
  34  7:06  Spine Crawler  
  35  7:19  Zergling x2  
  35  7:20  Zergling x16  
  44  7:35  Zergling x2  
  44  7:36  Zergling x6  
  48  7:53  Lair  
  48  8:00  Drone x2  
  48  8:01  Drone x2  
  48  8:03  Spine Crawler  
  48  8:04  Spine Crawler  
  50  8:21  Queen  
  50  8:24  Drone, Extractor  
  50  8:25  Extractor, Overlord x4  
  51  8:29  Extractor  
  48  9:29  Spire  
  47  9:37  Drone x2  
  47  9:38  Drone  
  50  9:39  Drone x10  
  57  10:08  Overseer  
  57  10:17  Overlord  
  56  10:42  Mutalisk x5  
  57  10:43  Mutalisk x3  
  71  11:09  Mutalisk  
  71  11:10  Mutalisk x2  
  77  11:16  Pneumatized Carapace  
  77  11:23  Spore Crawler  
  77  11:24  Spore Crawler x2  
  74  11:27  Zerg Flyer Weapons Level 1  
  74  11:59  Queen  
  76  12:12  Mutalisk x3  
  76  12:13  Mutalisk x2  
  67  12:45  Mutalisk x3  
  67  13:16  Mutalisk x4  
  75  13:46  Zergling x8  
  75  13:47  Zergling x2  
  80  13:49  Centrifical Hooks  
  78  14:26  Mutalisk x5  
  88  14:40  Baneling  
  88  14:41  Baneling x3  
  88  14:42  Zergling x6  
  88  14:43  Hatchery  
  53  15:16  Zergling x16  
  54  15:31  Mutalisk x2  
  48  16:07  Mutalisk  
  48  16:08  Mutalisk x4  
  48  16:10  Zergling x6  
  61  16:30  Baneling x2  
  61  16:31  Baneling x3  
  61  16:38  Spine Crawler  
  60  16:49  Mutalisk  
  60  16:50  Mutalisk  
  62  17:36  Mutalisk x4  
  66  17:49  Zergling x12  
  71  18:41  Zergling x2  
  71  18:42  Zergling x8  
  68  19:26  Zergling x2  
  68  19:27  Zergling x10  
Show
View Real Time Build Order
Export as new Build Order

Musumeci Zerg - Winner!

Build Orders: Hatch First 

Get SALT Encoding   

  12  0:01  Drone  
  13  0:08  Drone  
  14  0:20  Overlord  
  14  0:31  Drone, Extractor  
  15  0:38  Drone x2  
  17  0:45  Drone  
  18  0:59  Hatchery  
  17  1:04  Drone  
  17  1:05  Extractor  
  18  1:21  Spawning Pool  
  17  1:33  Drone x3  
  20  1:46  Drone  
  21  2:10  Queen, Overlord  
  21  2:11  Queen  
  21  2:12  Drone  
  21  2:13  Drone  
  27  2:16  Drone  
  27  2:23  Drone  
  27  2:28  Overlord  
  28  2:33  Drone  
  28  2:36  Extractor  
  28  2:38  Extractor  
  28  2:40  Roach Warren  
  26  2:46  Queen  
  28  3:02  Drone x2  
  30  3:13  Hatchery  
  29  3:22  Roach x3  
  35  3:33  Roach x3  
  41  3:42  Evolution Chamber  
  41  3:43  Evolution Chamber  
  39  3:49  Evolution Chamber  
  39  3:52  Roach  
  38  4:00  Evolution Chamber  
  35  4:18  Drone x6  
  41  4:27  Drone x2  
  43  4:35  Drone x3  
  46  4:41  Ravager  
  46  4:42  Ravager  
  46  4:43  Drone  
  46  4:44  Drone  
  50  4:52  Evolution Chamber  
  49  5:01  Overlord  
  49  5:07  Evolution Chamber  
  49  5:09  Evolution Chamber  
  49  5:12  Evolution Chamber  
  46  5:16  Roach x4  
  42  5:24  Roach x2  
  42  5:28  Evolution Chamber  
  41  5:30  Evolution Chamber  
  35  5:41  Roach x3  
  35  5:42  Roach  
  43  5:43  Drone  
  29  5:52  Drone  
  29  5:53  Drone  
  25  6:01  Ravager  
  26  6:09  Drone  
  27  6:16  Drone  
  28  6:22  Drone  
  22  6:44  Drone x2  
  24  6:59  Evolution Chamber  
  23  7:02  Drone  
  23  7:07  Drone  
  25  7:14  Drone  
  26  7:18  Drone  
  27  7:23  Drone  
  27  7:25  Drone  
  29  7:30  Drone  
  29  7:34  Drone  
  31  7:42  Evolution Chamber  
  30  7:48  Evolution Chamber  
  29  7:56  Drone  
  29  7:57  Drone x2  
  29  7:58  Drone  
  33  8:01  Drone  
  33  8:03  Drone  
  36  8:13  Drone  
  36  8:14  Drone  
  36  8:18  Lair  
  38  8:24  Drone  
  39  8:27  Queen  
  41  8:43  Drone x5  
  41  8:48  Extractor  
  45  8:49  Extractor  
  45  8:52  Drone  
  45  8:55  Roach  
  47  9:01  Evolution Chamber  
  46  9:19  Roach x3, Evolution Chamber  
  51  9:24  Drone  
  51  9:27  Overlord x2  
  52  9:45  Queen  
  54  10:07  Spire  
  54  10:08  Drone x3  
  54  10:10  Drone x3  
  54  10:14  Drone x2  
  61  10:29  Drone x3  
  61  10:30  Drone  
  65  10:41  Overlord x3  
  65  11:06  Roach  
  65  11:07  Roach x6  
  80  11:12  Ravager  
  80  11:15  Ravager x4  
  80  11:17  Glial Reconstitution  
  87  11:18  Roach x2  
  89  11:26  Roach  
  88  11:33  Roach  
  88  11:35  Spore Crawler x2  
  88  11:36  Spore Crawler  
  88  11:37  Spore Crawler  
  88  11:38  Spore Crawler  
  82  11:40  Spore Crawler  
  82  11:43  Roach x2  
  76  11:50  Drone  
  76  11:51  Drone x5, Hydralisk Den  
  67  12:16  Zerg Missile Weapons Level 1  
  62  12:38  Queen  
  62  12:40  Hydralisk x7  
  62  12:41  Hydralisk x4  
  77  13:05  Muscular Augments  
  72  13:38  Roach x2  
  72  13:40  Overlord x3  
  68  14:07  Evolution Chamber  
  68  14:09  Hydralisk x10  
  85  14:17  Zerg Ground Armor Level 1  
  67  15:00  Hatchery  
  60  15:08  Hydralisk x2  
  60  15:09  Hydralisk  
  60  15:10  Roach x5  
  60  15:13  Hydralisk x4  
  80  15:30  Roach x2  
  84  15:37  Overlord x2  
  84  16:19  Spine Crawler, Roach, Spore Crawler  
  84  16:20  Roach x3  
  84  16:21  Spore Crawler, Ravager x2  
  84  16:22  Spore Crawler  
  84  16:23  Ravager  
  91  16:40  Zerg Missile Weapons Level 2  
  91  16:43  Drone x3  
  94  16:49  Extractor  
  94  16:50  Extractor  
  92  16:57  Drone x2  
  92  16:59  Drone  
  95  17:21  Drone x7  
  96  17:47  Hydralisk x4  
  96  17:50  Overseer  
  104  17:54  Overseer  
  104  18:39  Infestation Pit  
  103  18:52  Spine Crawler  
  102  18:58  Overlord x2  
  102  18:59  Overlord x2  
  99  19:12  Extractor  
  98  19:30  Drone x4  
Tags
 
Add a new tag
Caveats
  • Supply blocks, unpowered buildings, or Contaminate may cause inaccurate times.
  • Supply counts are checked every 10 seconds.